[Event "45th FIDE Olympiad 2024"]
[Site "Budapest"]
[Date "2024.09.18"]
[Round "7.101"]
[White "Misambo, .J. Kilasa"]
[Black "Christopher, Art"]
[Result "1-0"]
[WhiteElo "1959"]
[BlackElo "1779"]
[PlyCount "73"]
[EventDate "2024.09.05"]
[EventType "team-tourn"]
[EventCountry "HUN"]
[WhiteTeam "Tanzania"]
[BlackTeam "British Virgin Islands"]
[WhiteTeamCountry "TAN"]
[BlackTeamCountry "IVB"]
[TimeControl "40/5400+30:1800+30"]

1. c4 e6 2. g3 Nf6 3. Bg2 c6 4. Nf3 d5 5. b3 Be7 6. Bb2 O-O 7. O-O Nbd7 8. d3 Qc7 9. Nbd2 e5 10. cxd5 Nxd5 11. Nc4 f6 12. e4 Nb4 13. d4 Rd8 14. Qe2 exd4 15. Bxd4 Bc5 16. a3 Na6 17. Bb2 Nf8 18. Rad1 Re8 19. b4 Nxb4 20. axb4 Bxb4 21. Qc2 a5 22. e5 b5 23. Nd6 Bxd6 24. exd6 Qf7 25. Qxc6 Bd7 26. Qd5 Qxd5 27. Rxd5 a4 28. Nd4 Rab8 29. Rc5 b4 30. Bd5+ Kh8 31. Bc6 a3 32. Bxd7 Nxd7 33. Rc7 Nf8 34. Nc6 axb2 35. Nxb8 Rxb8 36. d7 Ne6 37. Rc8+ 1-0

[Event "45th FIDE Olympiad 2024"]
[Site "Budapest"]
[Date "2024.09.18"]
[Round "7.102"]
[White "Fluvia Poyatos, Jordi"]
[Black "Sardana, Rishi"]
[Result "1/2-1/2"]
[ECO "B90"]
[WhiteElo "2438"]
[BlackElo "2477"]
[Annotator "ChessBase"]
[PlyCount "140"]
[EventDate "2024.09.05"]
[EventType "team-tourn"]
[EventCountry "HUN"]
[SourceTitle "playchess.com"]
[Source "ChessBase"]
[SourceQuality "1"]
[WhiteTeam "Andorra"]
[BlackTeam "Australia"]
[WhiteTeamCountry "AND"]
[BlackTeamCountry "AUS"]
[TimeControl "40/5400+30:1800+30"]

1. e4 c5 2. Nf3 d6 3. d4 cxd4 4. Nxd4 Nf6 5. Nc3 a6 6. h3 e5 7. Nde2 h5 8. g3 Be7 9. Bg2 b5 10. O-O Nbd7 11. a3 Bb7 12. Bg5 Rc8 13. Qd2 O-O 14. Rfd1 Qc7 15. Rac1 Nb6 16. b3 Rfd8 17. Qe1 Bc6 18. Be3 Qb7 19. f4 d5 20. fxe5 Nxe4 21. Nd4 Bxa3 22. Nxe4 dxe4 23. Nxc6 Qxc6 24. Rxd8+ Rxd8 25. Ra1 Bf8 26. Bf2 Nd5 27. Qxe4 Qe6 28. Qh4 Qxe5 29. Re1 Qc7 30. Qxh5 Nf6 31. Qf5 Rd2 32. Ra1 a5 33. c4 bxc4 34. bxc4 Qxc4 35. Rxa5 Qc1+ 36. Kh2 Qb2 37. Kg1 Rd8 38. Kh2 g6 39. Qf3 Ne4 40. Qxe4 Qxf2 41. Rd5 Rc8 42. Rd3 Rc1 43. h4 Re1 44. Qf3 Qg1+ 45. Kh3 Qb6 46. Qd5 Qc7 47. Qb7 Qe5 48. Qd5 Qe2 49. Rf3 Qe7 50. Qc4 Qd7+ 51. Kh2 Re5 52. Rd3 Qe7 53. Qc6 Re2 54. Qd5 Qe8 55. Rf3 Re5 56. Qc4 Bc5 57. Rd3 Bf8 58. Qc6 Qxc6 59. Bxc6 Re6 60. Bd5 Re2+ 61. Kh3 Kg7 62. Bf3 Re5 63. Kg2 Bc5 64. Rd5 Rxd5 65. Bxd5 f5 66. Kf3 Kf6 67. g4 fxg4+ 68. Kxg4 Bf2 69. Be4 Be1 70. Bxg6 Kxg6 1/2-1/2

[Event "45th FIDE Olympiad 2024"]
[Site "Budapest"]
[Date "2024.09.18"]
[Round "7.102"]
[White "Potter, Simon"]
[Black "Veer, Gandhi"]
[Result "0-1"]
[WhiteElo "1663"]
[BlackElo "1792"]
[PlyCount "76"]
[EventDate "2024.09.05"]
[EventType "team-tourn"]
[EventCountry "HUN"]
[WhiteTeam "British Virgin Islands"]
[BlackTeam "Tanzania"]
[WhiteTeamCountry "IVB"]
[BlackTeamCountry "TAN"]
[TimeControl "40/5400+30:1800+30"]

1. e4 c6 2. d4 d5 3. e5 Bf5 4. Nf3 e6 5. Bg5 Qb6 6. b3 Nd7 7. c3 c5 8. Nbd2 cxd4 9. cxd4 Ba3 10. Be2 Bb2 11. O-O h6 12. Bh4 Ne7 13. Bxe7 Kxe7 14. Nh4 Bh7 15. Nhf3 Rhc8 16. Re1 Bc2 17. Nc4 Rxc4 18. bxc4 Bxd1 19. Raxd1 Bc3 20. Rf1 Qa5 21. cxd5 Qxd5 22. Rc1 Ba5 23. Bc4 Qe4 24. Bb3 g5 25. Rfd1 Qf4 26. h3 g4 27. hxg4 Qxg4 28. Nh2 Qf4 29. Bc2 Nb6 30. Bh7 Nd5 31. Nf1 Nc3 32. Re1 Ne2+ 33. Rxe2 Qxc1 34. Be4 Rd8 35. Bxb7 Rxd4 36. Bf3 Qxf1+ 37. Kxf1 Rd1+ 38. Re1 Rxe1# {0-} 0-1

[Event "45th FIDE Olympiad 2024"]
[Site "Budapest"]
[Date "2024.09.18"]
[Round "7.103"]
[White "Zhao, Zong-Yuan"]
[Black "De La Riva Aguado, Oscar"]
[Result "1/2-1/2"]
[ECO "E71"]
[WhiteElo "2478"]
[BlackElo "2431"]
[Annotator "ChessBase"]
[PlyCount "68"]
[EventDate "2024.09.05"]
[EventType "team-tourn"]
[EventCountry "HUN"]
[SourceTitle "playchess.com"]
[Source "ChessBase"]
[SourceQuality "1"]
[WhiteTeam "Australia"]
[BlackTeam "Andorra"]
[WhiteTeamCountry "AUS"]
[BlackTeamCountry "AND"]
[TimeControl "40/5400+30:1800+30"]

1. d4 Nf6 2. c4 g6 3. Nc3 Bg7 4. e4 d6 5. h3 O-O 6. Be3 Nc6 7. d5 Ne5 8. f4 Ned7 9. g4 c6 10. Nge2 cxd5 11. cxd5 b6 12. Nd4 Nc5 13. Qf3 Bb7 14. O-O-O e6 15. Nc6 Qd7 16. Bxc5 bxc5 17. Bb5 a6 18. Ba4 Qc7 19. h4 Bxc6 20. Bxc6 Rab8 21. h5 Rb4 22. hxg6 fxg6 23. Qh3 Rfb8 24. e5 dxe5 25. g5 Nh5 26. Qxe6+ Kh8 27. f5 Rxb2 28. f6 Bf8 29. f7 e4 30. d6 Qa5 31. Qe5+ Bg7 32. Qe8+ Bf8 33. Qe5+ Bg7 34. Qe8+ Bf8 1/2-1/2

[Event "45th FIDE Olympiad 2024"]
[Site "Budapest"]
[Date "2024.09.18"]
[Round "7.103"]
[White "Lusako, Shedrack"]
[Black "Samuel, Jhon"]
[Result "1-0"]
[WhiteElo "1760"]
[BlackElo "1545"]
[PlyCount "87"]
[EventDate "2024.09.05"]
[EventType "team-tourn"]
[EventCountry "HUN"]
[WhiteTeam "Tanzania"]
[BlackTeam "British Virgin Islands"]
[WhiteTeamCountry "TAN"]
[BlackTeamCountry "IVB"]
[TimeControl "40/5400+30:1800+30"]

1. e4 c5 2. f4 Nc6 3. Nf3 d6 4. Bc4 Na5 5. Bb5+ Bd7 6. Bxd7+ Qxd7 7. d4 cxd4 8. Nxd4 Nf6 9. Nc3 e5 10. Nf3 Nc6 11. O-O Be7 12. fxe5 Nxe5 13. Nxe5 dxe5 14. Qxd7+ Nxd7 15. Nd5 Rc8 16. Nxe7 Kxe7 17. c3 Rhd8 18. Be3 b6 19. Kf2 Nc5 20. Bxc5+ Rxc5 21. Rad1 Rcc8 22. Ke3 Rxd1 23. Rxd1 Rd8 24. Rxd8 Kxd8 25. Kd3 Kc7 26. Kc4 Kc6 27. g4 h6 28. a4 a6 29. h3 f6 30. h4 Kd6 31. h5 Kc6 32. Kb4 Kd6 33. c4 Kc6 34. a5 bxa5+ 35. Kxa5 Kc5 36. b3 Kd4 37. Kxa6 Kxe4 38. c5 Kd5 39. Kb6 e4 40. c6 e3 41. c7 e2 42. c8=Q e1=Q 43. Qd7+ Ke4 44. Qe6+ 1-0

[Event "45th FIDE Olympiad 2024"]
[Site "Budapest"]
[Date "2024.09.18"]
[Round "7.104"]
[White "Ribera Veganzones, Serni"]
[Black "Smerdon, David C"]
[Result "1/2-1/2"]
[WhiteElo "2309"]
[BlackElo "2475"]
[Annotator "TA"]
[PlyCount "19"]
[EventDate "2024.09.05"]
[EventType "team-tourn"]
[EventCountry "HUN"]
[SourceTitle "playchess.com"]
[Source "ChessBase"]
[SourceQuality "1"]
[WhiteTeam "Andorra"]
[BlackTeam "Australia"]
[WhiteTeamCountry "AND"]
[BlackTeamCountry "AUS"]
[TimeControl "40/5400+30:1800+30"]

1. e4 c5 2. Nf3 Nc6 3. d4 cxd4 4. Nxd4 g6 5. c4 Bg7 6. Be3 Qb6 7. Nb3 Qd8 8. Nd4 Qb6 9. Nb3 Qd8 10. Nd4 {Not much happened in this game.   Weighted Error Value: White=0.39/Black=0.00 (flawless) .  Mistake:       	White=1     	---        OK:         	---       	Black=1} (10. Qd2 $14) 1/2-1/2

[Event "45th FIDE Olympiad 2024"]
[Site "Budapest"]
[Date "2024.09.18"]
[Round "7.105"]
[White "Bogner, Sebastian"]
[Black "Romanov, Evgeny"]
[Result "0-1"]
[ECO "C55"]
[WhiteElo "2545"]
[BlackElo "2567"]
[Annotator "TA"]
[PlyCount "154"]
[EventDate "2024.09.05"]
[EventType "team-tourn"]
[EventCountry "HUN"]
[SourceTitle "playchess.com"]
[Source "ChessBase"]
[SourceQuality "1"]
[WhiteTeam "Switzerland"]
[BlackTeam "North Macedonia"]
[WhiteTeamCountry "SUI"]
[TimeControl "40/5400+30:1800+30"]

1. e4 e5 2. Nf3 Nc6 3. Bc4 Nf6 4. d3 Be7 5. O-O O-O 6. a4 d5 7. exd5 Nxd5 8. Re1 {C55: Two Knights: 4 d3, 4 d4 exd4 5 e5 and Max Lange Attack.} Bg4 9. Nbd2 Nb6 $5 {[%mdl 4] Exploring less charted territory.} 10. Bb3 Nd7 $146 ({Predecessor:} 10... Bd6 11. h3 Bh5 12. c3 Be7 13. a5 Nd5 14. a6 b6 15. g4 Bg6 16. Nxe5 Nxe5 17. Rxe5 {0-1 Rees,I (2293)-Marin,S (2265) Titled Tuesday intern op 06th Jun Late blitz 2023 (3)}) 11. h3 Bh5 12. Bd5 Nb4 13. Bc4 Bd6 14. c3 Nc6 15. b4 a5 16. b5 Ne7 17. Ne4 Kh8 18. Ng3 Bg6 19. Nh4 c6 20. Nxg6+ Nxg6 21. bxc6 bxc6 22. Nf5 Bc5 23. Qg4 Nf6 24. Qf3 Nd5 25. d4 exd4 26. cxd4 Bb4 27. Re4 Qd7 28. h4 Rae8 29. h5 Rxe4 30. Qxe4 Re8 31. Qg4 Re1+ 32. Bf1 Nde7 33. hxg6 Nxf5 34. Bb2 Rxa1 35. Bxa1 hxg6 36. Qe4 Kg8 37. g3 Ne7 38. Bc4 Nd5 39. Bb2 g5 40. Kg2 g4 41. Kf1 Nf6 42. Qe5 Qb7 43. Bc1 Bc3 (43... Qe7 {simplifies} 44. Qxe7 Bxe7 45. Ba6 Bb4) 44. Qe3 Qb4 45. Qd3 Nd5 46. Bxd5 (46. Qe2 $15) 46... cxd5 $17 47. Be3 (47. Qf5 $17) 47... g6 $2 (47... Qc4 $1 $19 48. Qxc4 dxc4) 48. Qd1 $11 f5 49. Kg2 Kf7 50. Qd3 Qc4 51. Qd1 Bb4 52. Qh1 Bf8 53. Qh4 Qxa4 54. Qd8 Qb5 55. Bg5 Bg7 56. Qe7+ Kg8 57. Bf6 Bxf6 58. Qxf6 Qe8 59. Kf1 (59. Qd6 $15) 59... a4 $17 60. Qd6 Qf7 $2 (60... Qb5+ $1 $19 61. Kg2 Qe8) 61. Qc6 a3 62. Qa8+ Qf8 63. Qxd5+ Kg7 64. Qa5 (64. Qe5+ $15 Kh7 65. Qc7+ Kh6 66. Qe5) 64... Qd6 $1 $17 65. Qa4 (65. Kg1 $17 {might work better.}) 65... g5 $1 $19 66. Kg1 {[#]} f4 $1 67. Kh2 (67. gxf4 $142 gxf4 68. Qa7+ Kg6 69. Qa8) 67... Kf6 (67... fxg3+ $142 68. fxg3 Qe7) 68. Qc4 (68. Qa8 $142) 68... Qb6 69. Qa4 $2 {[#]} (69. gxf4 $19 Qd6 (69... gxf4 70. Qg8 $17) 70. Qg8) 69... fxg3+ $1 70. Kxg3 Qd6+ 71. Kg2 Qd5+ 72. Kg1 a2 73. Kh2 Qe6 74. Kg3 Kg6 75. Qa8 Qf7 76. Qa6+ Kh5 77. Qa7 Qxa7 0-1

[Event "45th FIDE Olympiad 2024"]
[Site "Budapest"]
[Date "2024.09.18"]
[Round "7.105"]
[White "Yacouba, Souley Moussa"]
[Black "Moncur, Cecil"]
[Result "0-1"]
[WhiteElo "1645"]
[BlackElo "1839"]
[PlyCount "108"]
[EventDate "2024.09.05"]
[EventType "team-tourn"]
[EventCountry "HUN"]
[WhiteTeam "Niger"]
[BlackTeam "Bahamas"]
[WhiteTeamCountry "NIG"]
[BlackTeamCountry "BAH"]
[TimeControl "40/5400+30:1800+30"]

1. d4 g6 2. c4 Bg7 3. e4 Nc6 4. Nf3 e5 5. d5 Nd4 6. Be3 c5 7. Bg5 f6 8. Be3 d6 9. Bd3 Ne7 10. h3 Bd7 11. Nbd2 a6 12. a4 b6 13. Nb3 O-O 14. Nbxd4 cxd4 15. Bd2 a5 16. O-O h6 17. Qc1 Kh7 18. b3 Rc8 19. Qa3 Be8 20. b4 f5 21. exf5 gxf5 22. Be2 e4 23. Nxd4 Bxd4 24. Ra2 Ng6 25. Bc3 Bxc3 26. Qxc3 Qf6 27. Qe3 Qd8 28. b5 Rc5 29. Ra3 Ne5 30. Rc1 Rg8 31. Qf4 Qg5 32. Qxg5 Rxg5 33. f4 exf3 34. Bxf3 Nxc4 35. Rac3 Ne5 36. Kf2 Nd3+ 37. Rxd3 Rxc1 38. Re3 Rc2+ 39. Ke1 Bd7 40. Kd1 Rc5 41. Re7+ Rg7 42. Re3 Kg6 43. Kd2 Kf6 44. Ra3 Re7 45. Ra1 Be8 46. Ra3 Bf7 47. Rd3 Re5 48. Rc3 Bxd5 49. Rxc5 dxc5 50. Bxd5 Rxd5+ 51. Kc3 Ke5 52. Kc4 Rd4+ 53. Kb3 Kf4 54. Ka3 Kg3 {0-} 0-1

[Event "45th FIDE Olympiad 2024"]
[Site "Budapest"]
[Date "2024.09.18"]
[Round "7.106"]
[White "Lazov, Toni"]
[Black "Pelletier, Yannick"]
[Result "1-0"]
[ECO "C01"]
[WhiteElo "2360"]
[BlackElo "2526"]
[Annotator "TA"]
[PlyCount "81"]
[EventDate "2024.09.05"]
[EventType "team-tourn"]
[EventCountry "HUN"]
[SourceTitle "playchess.com"]
[Source "ChessBase"]
[SourceQuality "1"]
[WhiteTeam "North Macedonia"]
[BlackTeam "Switzerland"]
[BlackTeamCountry "SUI"]
[TimeControl "40/5400+30:1800+30"]

1. e4 e6 2. d4 d5 3. Bd3 c5 4. exd5 exd5 5. c3 cxd4 6. cxd4 Nc6 7. Nf3 g6 8. Bg5 Nf6 {The position is equal.} 9. O-O Bg7 10. Re1+ Be6 11. Qd2 O-O 12. Nc3 Qb6 13. Bc2 Qxb2 14. Rab1 Qa3 15. Rb3 Qd6 16. Rxb7 Na5 17. Bf4 Qa6 18. Re7 Nc4 19. Qc1 Rae8 20. Rxe8 Rxe8 21. Ng5 Bd7 22. Rxe8+ Bxe8 23. Bb3 Bc6 24. Qe1 {Strongly threatening Qe7.} h6 25. Nf3 Ne4 26. h4 Bb7 (26... Nxc3 $11 27. Qxc3 Bd7) 27. Nxe4 $1 $14 dxe4 28. Ne5 Nxe5 29. dxe5 Qc6 30. Qe3 h5 31. Qd2 {Qd8+ would now be deadly.} ({Much weaker is} 31. Qxa7 e3 32. f3 (32. Qxe3 $2 Qxg2#) 32... Qc1+ 33. Kh2 e2 34. Bxc1 e1=Q $11) 31... e3 $1 32. fxe3 (32. Qxe3 $2 Qxg2#) 32... Qe4 33. Bd1 Qd5 (33... Bxe5 $2 {is the wrong capture.} 34. Bc2 Qxg2+ 35. Qxg2 $18) 34. Qc2 (34. Qxd5 $14 Bxd5 35. a4) 34... Qc6 (34... Qa5 $11 35. Qf2 Bd5 (35... Bxe5 36. Bb3 $11)) 35. Qb2 {And now Bf3 would win.} (35. Qxc6 {simplifies} Bxc6 36. Kf2 Bd7 37. a4) 35... Qd7 36. Bb3 $36 {[%mdl 2048] White fights for an advantage.} Be4 37. Qd4 Qb7 {[%mdl 8192] [#] This costs Black the game.} (37... Bc6 $14) 38. Qd8+ $1 $18 Kh7 {[#]} 39. e6 $1 fxe6 (39... Qb4 $18 40. exf7 Bf8) 40. Bxe6 Qa8 41. Bb8 {Weighted Error Value: White=0.07 (flawless) /Black=0.51.  Loses game:     	---       	Black=1      Mistake:       	White=1     	Black=3      Inaccurate:     	White=1     	Black=1      OK:         	White=14    	Black=14     Best:        	White=1     	Black=1      Strong:       	White=3     	Black=1} 1-0

[Event "45th FIDE Olympiad 2024"]
[Site "Budapest"]
[Date "2024.09.18"]
[Round "7.107"]
[White "Peng, Li Min"]
[Black "Risteski, Emil"]
[Result "1/2-1/2"]
[ECO "D02"]
[WhiteElo "2514"]
[BlackElo "2367"]
[Annotator "TA"]
[PlyCount "65"]
[EventDate "2024.09.05"]
[EventType "team-tourn"]
[EventCountry "HUN"]
[SourceTitle "playchess.com"]
[Source "ChessBase"]
[SourceQuality "1"]
[WhiteTeam "Switzerland"]
[BlackTeam "North Macedonia"]
[WhiteTeamCountry "SUI"]
[TimeControl "40/5400+30:1800+30"]

1. d4 Nf6 2. Nf3 e6 3. Bf4 d5 4. e3 c5 5. Nbd2 Nc6 6. c3 Nh5 7. Bg5 f6 8. Bh4 g6 9. Bd3 cxd4 10. cxd4 Be7 11. O-O O-O 12. a3 e5 13. dxe5 fxe5 14. Bxe7 Qxe7 15. e4 d4 16. Rc1 Nf4 17. Bc4+ Kh8 18. g3 (18. Ne1 $11) 18... Nh3+ $15 19. Kg2 Bg4 {Threatens to win with ...Ng5.} 20. Qb3 $1 Rf6 {...Raf8 would now be deadly.} 21. Ne1 (21. Ng1 $15 Nxg1 22. Kxg1) 21... Ng5 22. h4 Bh3+ 23. Kg1 {[#]} Ne6 24. Bxe6 (24. Ng2 $142) 24... Bxe6 ({Stronger than} 24... Qxe6 25. Qxe6 Rxe6 26. Ng2 $11) ({But not} 24... Rxe6 25. Ng2 $15) ({Black should play} 24... Bxf1 $17 25. Kxf1 Qxe6 26. Qxe6 Rxe6) 25. Qd3 Qg7 (25... Bh3 $17 26. Ng2 Raf8) 26. Kg2 {[#]} (26. f4 $1 $11 {keeps the balance.}) 26... Raf8 $1 $17 27. Nef3 Qd7 ({Black should try} 27... Bc8 $17 28. b4 Qe7) 28. Ng1 (28. Ng5 $15) 28... h6 29. Ndf3 Bg4 (29... Kh7 $17 {White should prevent ...a6.} 30. b4 a6) 30. Nh2 $11 Be6 (30... Kh7 $11) 31. Nhf3 $1 $17 Bg4 (31... Qf7 $17 {[%cal Og6g5] aiming for ...g5!} 32. Rc2 Kg7) 32. Nh2 $11 Be6 (32... Kh7 $11) 33. Nhf3 $1 {Weighted Error Value: White=0.20 (precise) /Black=0.29 (precise) .  Mistake:       	White=5     	Black=7      Inaccurate:     	White=2     	Black=1      OK:         	White=6     	Black=8      Best:        	White=5     	Black=2      Strong:       	White=3     	Black=1} 1/2-1/2

[Event "45th FIDE Olympiad 2024"]
[Site "Budapest"]
[Date "2024.09.18"]
[Round "7.108"]
[White "Zlatkov, Anton"]
[Black "Georgiadis, Nico"]
[Result "0-1"]
[ECO "B90"]
[WhiteElo "2346"]
[BlackElo "2510"]
[Annotator "TA"]
[PlyCount "80"]
[EventDate "2024.09.05"]
[EventType "team-tourn"]
[EventCountry "HUN"]
[SourceTitle "playchess.com"]
[Source "ChessBase"]
[SourceQuality "1"]
[WhiteTeam "North Macedonia"]
[BlackTeam "Switzerland"]
[BlackTeamCountry "SUI"]
[TimeControl "40/5400+30:1800+30"]

1. e4 c5 2. Nf3 d6 3. d4 cxd4 4. Nxd4 Nf6 5. Nc3 a6 6. h3 g6 7. Be3 Bg7 (7... b5 $5) 8. Qd2 Nbd7 9. f3 {The position is equal.} h5 10. a4 b6 11. Be2 Bb7 12. O-O-O b5 13. g4 b4 14. Na2 a5 15. g5 Nh7 16. Bb5 (16. c3 $1 $14) 16... Qc7 $11 17. Kb1 O-O 18. Rhg1 Rfd8 19. c4 (19. c3 $11 {is more appropriate.}) 19... Nhf8 20. Nc1 Nc5 21. b3 (21. Qc2 $11) 21... Rac8 22. Rde1 {Black keeps a firm grip on the game.} ({White should play} 22. Qc2 $15) 22... e6 $19 23. Ka2 Nfd7 24. Bxd7 $2 (24. Qh2) 24... Qxd7 (24... Rxd7 $2 25. Nb5 Qd8 26. Nd3 $19) 25. Nb5 d5 26. cxd5 (26. Bxc5 {was the only defense.} Rxc5 27. Rd1) 26... exd5 27. e5 d4 $1 (27... Qxh3 28. Bxc5 Rxc5 29. Nd3 $17) 28. Bxd4 Qd5 (28... Qxh3 29. Nd6 $19) 29. Rd1 Ne6 ({Don't play} 29... Bxe5 30. Qe3 Bxd4 (30... Nxa4 $2 {perishes.} 31. Qxe5 Qxe5 32. Bxe5 $18) 31. Rxd4 $19) (29... Qxf3 30. Rgf1 Qxh3 31. Qf2 $19) 30. f4 Ba6 31. Ne2 $2 (31. Qe3 Bxb5 32. Bb2) 31... Bxb5 {Black is clearly winning.} 32. axb5 a4 33. Qe3 Qxb5 {aiming for ...axb3+.} 34. Kb1 axb3 35. Rd2 {[#]} Rc2 $1 {[%mdl 512] Hoping for ...Qa6.} 36. Rc1 (36. h4 Qa6) 36... Rxd2 37. Qxd2 Qd5 38. Rd1 Bf8 39. Kb2 Bc5 {[#] And now ...Qa8 would win.} 40. Be3 Qe4 {Weighted Error Value: White=1.35/Black=0.63.  Mistake:       	White=7     	---        Inaccurate:     	White=1     	Black=5      OK:         	White=8     	Black=9      Best:        	White=1     	Black=1      Strong:       	---       	Black=1} 0-1

[Event "45th FIDE Olympiad 2024"]
[Site "Budapest"]
[Date "2024.09.18"]
[Round "7.109"]
[White "Fier, Alexandr"]
[Black "Khusenkhojaev, Mustafokhuja"]
[Result "1-0"]
[ECO "A33"]
[WhiteElo "2551"]
[BlackElo "2283"]
[Annotator "TA"]
[PlyCount "99"]
[EventDate "2024.09.05"]
[EventType "team-tourn"]
[EventCountry "HUN"]
[SourceTitle "playchess.com"]
[Source "ChessBase"]
[SourceQuality "1"]
[WhiteTeam "Brazil"]
[BlackTeam "Tajikistan"]
[WhiteTeamCountry "BRA"]
[BlackTeamCountry "TJK"]
[TimeControl "40/5400+30:1800+30"]

1. Nf3 Nf6 2. c4 c5 3. d4 cxd4 4. Nxd4 Nc6 5. Nc3 e6 6. g3 Qb6 7. Nb3 Ne5 8. e4 Bb4 9. c5 Qc7 (9... Bxc5 $11 10. Nxc5 Qxc5) 10. Bg2 $14 b6 {White is slightly better.} 11. f4 Nc6 (11... Nc4 $14) 12. O-O Ba6 {Repels Nb5} (12... Bxc5+ $2 13. Nxc5 bxc5 14. e5 $18) (12... bxc5 $2 13. Nb5 Qb6 14. Nd6+ Ke7 15. Be3 $18) 13. Rf3 O-O (13... bxc5 14. e5 c4 15. exf6 $16) 14. e5 Bxc3 (14... Ne8 $14) 15. Rxc3 $16 Nd5 16. Bxd5 exd5 17. Qxd5 (17. Be3 $16) 17... Bb7 (17... Nb4 $14 18. Qd4 Bb7 19. cxb6 (19. Qxb4 Qc6 $11) 19... Qxb6) 18. Qd6 {White is more active.} (18. cxb6 $1 $16 axb6 19. Be3) 18... Qxd6 $14 19. exd6 Rfe8 20. cxb6 (20. Be3 Nb4 21. Bd4 (21. cxb6 Nd5 $11) 21... Re2 $11) 20... Re1+ (20... axb6 $11 {remains equal.} 21. Bd2 (21. Be3 Nb4 $14) 21... Re6) 21. Kf2 $16 Rh1 (21... Rae8 $16 22. Re3 (22. Be3 Rxa1 23. Nxa1 axb6 $18) 22... R8xe3 23. Bxe3 Rxa1 24. Nxa1 axb6 25. Bxb6 Nb4) 22. Nc5 $1 $18 Nd8 23. Nxb7 (23. Nxd7 Rxh2+ 24. Ke3 Rh3 $16) 23... Nxb7 24. bxa7 h5 25. Rc7 Nxd6 26. Rxd7 Nb5 27. Rd5 Nxa7 28. Ra5 {Hoping for b4.} ({Stronger than} 28. Rxh5 Rc8 $11) 28... Rxh2+ 29. Kf3 Rh1 {[%cal Oa8e8] [#]} 30. b4 ({White should play} 30. Kg2 $1 Rd1 31. b4 (31. Rxh5 Rc8 $15)) 30... Rf1+ (30... Rd8 $16) 31. Kg2 Rd1 32. b5 ({Less strong is} 32. Rxh5 Nc6 $16) 32... Rc8 $2 (32... Re8 33. Rxa7 Ree1) 33. Rxa7 {[%cal Ob5b6] Strongly threatening b6!} Rd3 34. Kf2 Rc2+ 35. Ke1 Rxg3 36. Kd1 Rh2 {[#]} (36... Rcg2 37. Rd7 h4) 37. Re7 $1 {White is clearly winning.} Rd3+ 38. Ke1 Rh1+ 39. Kf2 Rdd1 {[#]} 40. Re2 $1 Rh2+ (40... Rhf1+ 41. Ke3) 41. Kf3 Rh3+ 42. Kg2 Rdh1 43. b6 R1h2+ 44. Kf1 {Threatening mate with Rxh2.} Rf3+ 45. Ke1 Rh1+ 46. Kd2 {Threatens to win with b7.} Rxf4 47. b7 Rd4+ 48. Kc2 Rd8 49. Rb1 Rb8 50. Rb4 {Weighted Error Value: White=0.32/Black=0.62.  Loses game:     	---       	Black=2      Mistake:       	White=3     	Black=7      Inaccurate:     	White=4     	---        OK:         	White=5     	Black=9      Best:        	White=5     	Black=3      Strong:       	White=2     	---} 1-0

[Event "45th FIDE Olympiad 2024"]
[Site "Budapest"]
[Date "2024.09.18"]
[Round "7.110"]
[White "Karimov, Alisher"]
[Black "Quintiliano, Renato R."]
[Result "0-1"]
[ECO "D10"]
[WhiteElo "2240"]
[BlackElo "2499"]
[Annotator "TA"]
[PlyCount "58"]
[EventDate "2024.09.05"]
[EventType "team-tourn"]
[EventCountry "HUN"]
[SourceTitle "playchess.com"]
[Source "ChessBase"]
[SourceQuality "1"]
[WhiteTeam "Tajikistan"]
[BlackTeam "Brazil"]
[WhiteTeamCountry "TJK"]
[BlackTeamCountry "BRA"]
[TimeControl "40/5400+30:1800+30"]

1. d4 d5 2. c4 c6 3. Nc3 Nf6 4. cxd5 cxd5 5. Bg5 Ne4 6. Nxe4 dxe4 7. a3 h6 8. Bf4 {The position is equal.} Nc6 9. d5 $1 e5 $1 10. dxc6 exf4 11. Qa4 {[%csl LRb7,LRe4] Dodges Qa5+} bxc6 {aiming for ...Be7.} 12. Qxe4+ Be7 {And now ...Rb8 would win.} 13. Rd1 Qb6 {Strongly threatening ...Be6.} 14. Nh3 (14. Nf3 $142) 14... Qxb2 ({Black should try} 14... Rb8 $17 {...Qa5+ would now be deadly.} 15. e3 (15. Nxf4 $2 Qa5+ 16. b4 Qxa3 $19) 15... fxe3 (15... Qxb2 16. Qxc6+ Kf8 17. Nxf4 $15)) 15. Nxf4 $2 {[%mdl 8192] [#] This move loses the game for White.} (15. Qxf4 $2 Qc3+ (15... Bxa3 $2 16. Qe4+ Be7 17. f3 $19) (15... Qxa3 $2 16. e3 $19) 16. Rd2 Bxh3 $19 (16... Bxa3 $2 17. Qd4 $19) (16... Qxa3 $2 17. e3 $19)) (15. Qxc6+ $11 {and White stays safe.} Kf8 16. Nxf4 (16. Qxa8 Qc3+ 17. Rd2 Bxa3 $15)) 15... Qc3+ $19 (15... Qxa3 16. Qxc6+ Kf8 17. Nd5 $17) 16. Rd2 Rb8 (16... Qxa3 17. Qxc6+ Kf8 18. e3 $15 (18. Qxa8 $2 {leads to mate.} Qc1+ 19. Rd1 Bb4#)) 17. Qd3 $2 (17. e3 Rb2 (17... Qxa3 18. Qxc6+ Kf8 19. Be2 $15) 18. Qd3) 17... Qc1+ {Black is clearly winning.} 18. Rd1 Qxf4 19. g3 Qf5 20. Bg2 Qxd3 21. Rxd3 Rb6 22. O-O O-O 23. Rc1 c5 24. Bd5 Rd8 25. f4 Ba6 26. Rd2 Bb7 27. e4 Bxd5 28. exd5 Rb3 29. d6 Rxd6 {Weighted Error Value: White=0.63/Black=0.23 (precise) .  Loses game:     	White=1     	---        Mistake:       	White=2     	Black=1      Inaccurate:     	White=2     	---        OK:         	White=4     	Black=10     Best:        	---       	Black=1      Strong:       	White=1     	Black=1} (29... Rxa3 $2 {is the wrong capture.} 30. dxe7 Rxd2 31. e8=Q+ (31. e8=R+ $2 Kh7 $19) 31... Kh7 32. Qxf7 $18) 0-1